 Dungeon Crawl Stone Soup version 0.19-a0-78-g674c7a4 (webtiles) character file.

23 Lugonue the Insei (level 2, 0/23 HPs)
             Began as a Demigod Transmuter on May 13, 2016.
             Slain by an orc
             ... wielding a +0 trident
              (6 damage)
             ... on level 3 of the Dungeon.
             The game lasted 00:04:08 (697 turns).

Lugonue the Insei (Demigod Transmuter)               Turns: 697, Time: 00:04:10

Health: 0/23       AC:  3    Str: 13    XL:     2   Next: 54%
Magic:  6/7        EV: 13    Int: 17    God:
Gold:   20         SH:  0    Dex: 16    Spells: 1 memorised, 3 levels left

rFire  + . .     SeeInvis .       - Unarmed
rCold  . . .     Gourm    .     e - +1 robe {rF+}
rNeg   . . .     Faith    .     (no shield)
rPois  .         Spirit   .     (no helmet)
rElec  .         Dismiss  .     (no cloak)
rCorr  .         Reflect  .     (no gloves)
SustAt +         Harm     .     (boots currently unavailable)
MR     .....                    (no amulet)
Stlth  ++........               (no ring)
                                (no ring)

@: lethally poisoned (0 -> -2), appendage, not resistant to hostile
enchantments, unstealthy
A: talons 3, high mp 1, sustain attributes
a: End Transformation


You were on level 3 of the Dungeon.
You were not hungry.
You had grown temporary talons.
You visited 1 branch of the dungeon, and saw 3 of its levels.

You collected 20 gold pieces.

Inventory:

Missiles
 a - 12 arrows
Armour
 e - a +1 robe of fire resistance (worn)
Scrolls
 b - a scroll of fog {unknown}
 f - 2 scrolls of amnesia {unknown}
 g - a scroll of random uselessness {unknown}
Potions
 h - a potion of curing {unknown}
Books
 c - a book of Changes

   Spells                             Type                      Level
   a - Beastly Appendage              Transmutation                1
   b - Sticks to Snakes               Transmutation                2
   c - Spider Form                    Transmutation/Poison         3
   d - Ice Form                       Ice/Transmutation            4
   e - Blade Hands                    Transmutation                5
Comestibles
 d - 2 bread rations


   Skills:
 + Level 1.1 Fighting
 + Level 2.1 Dodging
 + Level 0.2 Stealth
 + Level 3.1 Unarmed Combat
 + Level 1.9 Spellcasting
 + Level 1.9 Transmutations


You had 3 spell levels left.
You knew the following spells:

 Your Spells              Type           Power        Failure   Level  Hunger
a - Beastly Appendage     Trmt           #.....       12%         1    #......


Dungeon Overview and Level Annotations

Branches:
Dungeon (3/15)


Innate Abilities, Weirdness & Mutations

You have an increased reservoir of magic (+10% MP).
Your attributes are resistant to harm.
You have claws for feet.


Message History

The adder poisons you!
You feel sick.
You feel sick. The adder bites you.
You feel sick. The adder bites you but does no damage.
There is a stone staircase leading down here.
The adder bites you.
You climb downwards.
An orc comes into view. It is wielding a trident.
There is a stone staircase leading up here.
You feel sick.
The orc shouts!
A giant cockroach comes into view.
Casting: Beastly Appendage
Confirm with . or Enter, or press ? or * to list all spells.
Your feet morph into talons.
The adder bites you. x2
You miss the adder. The adder barely misses you.
You barely miss the adder. You claw the adder, but do no damage.
You feel sick.
The orc hits you from afar with a trident.
You die...

## #.
##. #.#
#@#
##S##
#..o#
#.##s..#
#. #.##
#. .# ..
# ##


You could see an adder, an orc and a giant cockroach.

Vanquished Creatures
  A dart slug (D:1)
  4 goblins (D:1)
  3 hobgoblins
  4 bats (D:1)
  3 kobolds (D:1)
  6 rats (D:1)
21 creatures vanquished.

Notes
Turn   | Place    | Note
--------------------------------------------------------------
     0 | D:1      | Lugonue the Demigod Transmuter began the quest for the Orb.
     0 | D:1      | Reached XP level 1. HP: 15/15 MP: 5/5
   267 | D:1      | Reached skill level 1 in Fighting
   305 | D:1      | Reached XP level 2. HP: 13/23 MP: 7/7
   419 | D:1      | Found a sparkling altar of Nemelex Xobeh.
   434 | D:1      | Reached skill level 3 in Unarmed Combat
   652 | D:2      | Found a burning altar of Makhleb.
   697 | D:3      | Slain by an orc

Vault maps used:
D:1:      elethiomel_arrival_infinity_welcomes_careful_drivers, st_stairs_11,
          nemelex_diamond_rough_becter
D:2:      bloody_makhleb
D:3:      overflow_temple_1_default, overflow_temple_1_default, minitemple,
          first_bread

Skill      XL: |  1  2 |
---------------+-------+-----
Fighting       | 1 |  1.1
Dodging        | 2 |  2.1
Unarmed Combat | 3 |  3.1
Stealth        | |  0.2
Spellcasting   | |  1.9
Transmutations | |  1.9

Action                   || total
-------------------------++-------
Melee: Unarmed           ||    60
       Kick              ||     1
 Cast: Beastly Appendage ||     3
 Stab: Sleeping          ||     2
Armor: Robe              ||    19
Dodge: Dodged            ||    45
